 Dungeon Crawl Stone Soup version 0.28-a0-1339-ga5422284a4 (webtiles) character file.

Game seed: 3977678538937653055

53 croobank the Sneak (level 3, -1/17 HPs)
             Began as a Felid Delver on Dec 29, 2021.
             Killed by divine providence
             ... invoked by an orc priest
              (12 damage)
             ... on level 3 of the Dungeon.
             The game lasted 00:22:28 (3581 turns).

croobank the Sneak (Felid Delver)                   Turns: 3581, Time: 00:22:29

Health: -1/17      AC:  5    Str: 10    XL:     3   Next: 62%
Magic:  4/4        EV: 18    Int: 15    God:
Gold:   171        SH:  0    Dex: 17    Spells: 2/2 levels left
                                        Lives:  0   Deaths: 1

rFire   . . .      SeeInvis +     - Unarmed
rCold   . . .      Faith    .   (shield unavailable)
rNeg    . . .      Spirit   .   (armour unavailable)
rPois   +          Reflect  .   (helmet unavailable)
rElec   .          Harm     .   (cloak unavailable)
rCorr   .          Rampage  .   (gloves unavailable)
Will    .....      Clarity  +   (boots unavailable)
Stlth   ++++......              (no amulet)
HPRegen 0.05/turn               b - ring "Puffuon" {AC+4 Int+4}
MPRegen 0.09/turn               (no ring)

@: quick
A: very small, claws 1, fangs 3, see invisible, speed 1, shaggy fur 1, stealthy
paws, no weapons or thrown items, no armour, multi-lived, horns 1, clarity,
poison resistance
a: no special abilities


You were on level 3 of the Dungeon.
You visited 1 branch of the dungeon, and saw 5 of its levels.

You collected 171 gold pieces.

Inventory:

Missiles
 c - 51 stones
Jewellery
 b - the ring "Puffuon" (left paw) {AC+4 Int+4}
   (You acquired it on level 2 of the Dungeon)

   [ring of protection]

   AC:        It affects your AC (+4).
   Int:       It affects your intelligence (+4).
Wands
 e - a wand of digging (3)
Scrolls
 a - 2 scrolls of fog
 d - 2 scrolls of noise
 h - a scroll of acquirement
 i - a scroll of torment {unknown}
 j - a scroll of holy word {unknown}
 k - a scroll of blinking {unknown}
Potions
 g - a potion of invisibility
 l - 2 potions of mutation
 m - a potion of haste


   Skills:
 + Level 3.6 Fighting
 + Level 3.8 Dodging
 + Level 7.3 Stealth
 + Level 3.0 Unarmed Combat


You had 2 spell levels left.
You didn't know any spells.
Your spell library was empty.

Dungeon Overview and Level Annotations

Branches:
Dungeon (5/15)
 Temple: D:4-7

Altars:

Annotations:
D:3 Eustachio


Innate Abilities, Weirdness & Mutations

You have sharp claws.
You have razor-sharp teeth.
You have supernaturally acute eyesight. (SInv)
You cover ground quickly. (Speed+)
You are covered in fur. (AC +1)
Your paws help you pounce on unaware monsters.
You are incapable of wielding weapons or throwing items.
You cannot wear armour.
You gain extra lives every three experience levels.
You have a pair of small horns on your head.
You possess an exceptional clarity of mind.
Your system is resistant to poisons. (rPois)


Message History

a +0 morningstar; an orc corpse You see here a +0 hand axe.
The orc shouts!
You hear a shout! x2
You see here a +0 hand axe.
Things that are here:
a +0 morningstar; an orc corpse You see here a +0 dagger.
There is a stone staircase leading up here.
There is a stone staircase leading up here.
You scratch the orc.
The orc is heavily wounded.
You scratch the orc.
You kill the orc!
Your Unarmed Combat skill increases to level 3!
The orc misses you.
Things that are here:
a +0 dagger; a +0 dagger; an orc corpse You closely miss the orc.
Your headbutt misses the orc. The orc hits you but does no damage.
You barely miss the orc. Your bite misses the orc.
The orc hits you but does no damage.
You scratch the orc.
The orc is heavily wounded.
The orc closely misses you.
You scratch the orc.
You kill the orc!
Things that are here:
a +0 dagger; a +0 morningstar; an orc corpse You see here a +0 hand axe.
The orc shouts!
You hear a shout! x2
The orc hits you with a +0 whip. The orc closely misses you.
The orc hits you with a +0 whip.
The orc priest looks encouraged for a moment.
You scratch the orc. You headbutt the orc.
You kill the orc!
The orc priest calls down the wrath of Beogh upon you.
Beogh smites you!
Ouch! That really hurt!
You die...

.#.......................#.BO.@#
...........#...............#####*
..##.####..###...##..............
.....# #### ##...........#######
.#.### #.##.......## ...#
#######.####.....## ##.#
#.........#.......# ##.#
#.........#.......# ##.#
#.......@.#.......#
##.######.......).##.....##
........#.........###...####
........#.........o........######
........#.........########.......
........#............##.........#
........###)########..........###
........###)# ####...######..##
...........)#####....### ##..#


You could see an orc priest.

Vanquished Creatures
  2 adders
  2 worms
  A dart slug (D:1)
  7 orcs (D:3)
  5 ball pythons
  5 endoplasms
  4 giant cockroaches
  5 goblins
  3 hobgoblins
  4 jackals (D:1)
  2 quokkas
  5 bats (D:1)
  12 frilled lizards
  7 kobolds
  4 rats
68 creatures vanquished.

Vanquished Creatures (others)
  7 plants (D:3)
7 creatures vanquished.

Grand Total: 75 creatures vanquished

Notes
Turn   | Place    | Note
-------+----------+-------------------------------------------
     0 | D:5      | croobank the Felid Delver began the quest for the Orb.
     0 | D:5      | Reached XP level 1. HP: 10/10 MP: 2/2
     8 | D:4      | Noticed Eustachio
    11 | D:4      | Noticed an orc wizard
    12 | D:4      | Noticed an ogre
   381 | D:2      | Identified a scroll of acquirement
   382 | D:2      | Acquired the ring "Puffuon" {AC+4 Int+4}
   405 | D:1      | Reached XP level 2. HP: 14/14 MP: 3/3
   773 | D:1      | Gained mutation: You have hidden genetic potential. [potion
                  | of mutation]
   773 | D:1      | Gained mutation: Your system is resistant to poisons.
                  | (rPois) [potion of mutation]
   861 | D:1      | Reached skill level 7 in Stealth
   861 | D:1      | Reached XP level 3. HP: 17/17 MP: 4/4
  1441 | D:2      | Found a faded altar of an unknown god.
  1489 | D:2      | Gained mutation: You possess an exceptional clarity of
                  | mind. [hidden potential]
  2505 | D:3      | Reached XP level 4. HP: 16/21 MP: 5/5
  3026 | D:3      | Mangled by an ogre
  3027 | D:3      | Reached XP level 3. HP: -8/17 MP: 4/4
  3079 | D:3      | Gained mutation: You have a pair of small horns on your
                  | head. [hidden potential]
  3079 | D:3      | Lost mutation: You have hidden genetic potential. [hidden
                  | potential expressed]
  3581 | D:3      | Killed from afar by an orc priest

Illustrated notes

Levels and vault maps discovered:
D:1:      roderic_crossed_star, layout_basic, minmay_small_reverse_x
D:2:      layout_basic, shapermc_ecumenical_altar_starsandcircs,
          serial_bayou_pond_b, minmay_misc_feat_secret_circle
D:3:      layout_rooms, mainiacjoe_overflow_two_lobes, minmay_lizard_king
D:4:      minmay_diamond_boxcup, layout_cave_pools, led_xom_imps, uniq_eustachio
D:5:      layout_gridville, lemuel_temple_firewalk_b

Skill      XL: |  1  2  3 |
---------------+----------+-----
Dodging        | 3 |  3.8
Stealth        | 7 |  7.3
Unarmed Combat | 3 |  3.0
Fighting       | |  3.6

Action                   |  1- 3 |  4- 6 || total
-------------------------+-------+-------++-------
Melee: Unarmed           |   164 |    23 ||   187
       Punch             |     3 |       ||     3
       Bite              |    11 |     2 ||    13
       Headbutt          |     6 |       ||     6
  Use: Scroll            |     9 |     1 ||    10
       Potion            |     5 |       ||     5
 Stab: Sleeping          |    14 |       ||    14
       Distracted        |     1 |       ||     1
Armor: Skin              |    22 |     1 ||    23
Dodge: Dodged            |   111 |    16 ||   127

Table legend: (Time is in decaauts)
 A = Elapsed time spent in this place.
 B = Non-inter-level travel time spent in this place.
 C = Inter-level travel time spent in this place.
 D = Time resting spent in this place.
 E = Time spent auto-exploring this place.
 F = Levels seen in this place.
 G = Mean time per level.
                   A        B        C        D        E       F      G
               +--------+--------+--------+--------+--------+-----+--------+
         Total |   3137 |   3081 |     56 |   1079 |   1050 |   5 |  627.4 |
       Dungeon |   3137 |   3081 |     56 |   1079 |   1050 |   5 |  627.4 |
               +--------+--------+--------+--------+--------+-----+--------+

Top non-repeatable levels by time:
     D:2: 1361 daAuts
     D:1: 1042 daAuts
     D:3: 713 daAuts
     D:4: 13 daAuts
     D:5: 6 daAuts
